 Dungeon Crawl Stone Soup version 0.18-a0-965-g9200175 (webtiles) character file.

17496 Duffy the Grappler (level 12, 119/119 HPs)
             Began as a Troll Fighter on Jan 1, 2016.
             Was the Champion of Cheibriados.
             Quit the game on level 11 of the Dungeon.
             The game lasted 00:19:33 (10163 turns).

Duffy the Grappler (Troll Fighter)                 Turns: 10163, Time: 00:19:34

Health: 119/119    AC: 11    Str: 44    XL:     12   Next: 19%
Magic:  17/17      EV: 18    Int: 20    God:    Cheibriados [******]
Gold:   489        SH:  0    Dex: 25    Spells: 0 memorised, 11 levels left

rFire  . . .     SeeInvis +       - Unarmed
rCold  . . .     Gourm    +     E - +1 robe {MR+}
rNeg   . . .     Faith    .     (no shield)
rPois  .         Spirit   .     (helmet restricted)
rElec  .         Dismiss  .     B - +2 cloak
rCorr  +         Reflect  .     (gloves unavailable)
SustAt .         Harm     .     (boots unavailable)
MR     +....                    I - amulet of resist corrosion
Stlth  +++.......               S - ring of see invisible
                                y - +2 ring of protection

@: very slow, somewhat resistant to hostile enchantments, fairly stealthy
A: unfitting armour, claws 3, camouflage 1, fast metabolism 3, gourmand,
regeneration 2, shaggy fur 1, tough skin 2
a: Bend Time, Temporal Distortion, Slouch, Step From Time, Renounce Religion


You were on level 11 of the Dungeon.
You worshipped Cheibriados.
Cheibriados was exalted by your worship.
You were full.

You visited 2 branches of the dungeon, and saw 13 of its levels.
You also visited: Labyrinth.

You collected 663 gold pieces.
You spent 174 gold pieces at shops.


Innate Abilities, Weirdness & Mutations

You are too large for most types of armour.
You have claws for hands.
Your metabolism is lightning-fast.
You like to eat raw meat.
You heal very quickly.
You are covered in fur (AC +1).
You have very tough skin (AC +2).
Your skin changes colour to match your surroundings (Stealth).


   Skills:
 + Level 8.0 Fighting
 + Level 8.0 Dodging
 - Level 2.4 Shields
 - Level 12.0 Unarmed Combat
 - Level 8.0 Invocations
 - Level 4.0 Evocations


You had 11 spell levels left.
You didn't know any spells.

Inventory:

Missiles
 o - 24 tomahawks (quivered)
 x - 5 large rocks
 L - 5 javelins
 T - 20 poisoned needles
 U - 6 curare-tipped needles
Armour
 b - a +0 shield
 B - a +2 cloak (worn)
 E - a +1 robe of magic resistance (worn)
 G - a +1 crystal plate armour
Jewellery
 q - an uncursed ring of teleportation
 r - an uncursed ring of protection from fire
 u - an uncursed ring of ice
 y - a +2 ring of protection (left claw)
 F - an uncursed ring of flight
 I - an amulet of resist corrosion (around neck)
 S - a ring of see invisible (right claw)
 Z - an uncursed ring of wizardry
Wands
 a - a wand of polymorph (14/24)
 n - a wand of confusion (42/48)
 w - a wand of paralysis (24/24)
 V - a wand of heal wounds (5/9)
 W - a wand of draining (2/15)
Scrolls
 e - 5 scrolls of recharging
 h - 4 scrolls of enchant armour
 i - 8 scrolls of teleportation
 p - a scroll of random uselessness {unknown}
 s - 4 scrolls of remove curse
 t - 5 scrolls of fear
 A - a scroll of acquirement {unknown}
 H - 2 scrolls of immolation {unknown}
 J - a scroll of silence {unknown}
 M - 2 scrolls of magic mapping {unknown}
 O - a scroll of blinking
Potions
 c - 3 potions of might
 g - a potion of ambrosia
 j - 2 potions of agility
 m - 2 potions of magic
 v - 8 potions of curing
 z - 3 potions of flight {unknown}
 C - 3 potions of lignification {unknown}
 D - 2 potions of brilliance
 N - a potion of degeneration {unknown}
 Q - a potion of invisibility {unknown}
 R - 4 potions of heal wounds
 X - a potion of cancellation {unknown}
 Y - a potion of mutation {unknown}
Comestibles
 d - 11 bread rations
 f - 4 meat rations
 k - 19 fruits
 l - 9 slices of pizza
 P - 4 beef jerkies

Dungeon Overview and Level Annotations

Branches:
Dungeon (12/15)            Temple (1/1) D:5            Lair (0/8) D:8
    Orc: D:9-12

Altars:
Ashenzari
Cheibriados
Dithmenos
Elyvilon
Fedhas
Gozag
Kikubaaqudgha
Makhleb
Nemelex Xobeh
Okawaru
Pakellas
Qazlal
Ru
Sif Muna
Trog
Vehumet
Xom
Yredelemnul
Zin
The Shining One

Shops:
D:6 *(*:


Message History

You draw a card...
It is Wild Magic.
Nothing appears to happen.
You feel sick.
Evoke which item? (* to show all) (? for menu, Esc to quit)
You draw a card...
It is Wild Magic.
Nothing appears to happen.
Evoke which item? (* to show all) (? for menu, Esc to quit)
You draw a card...
It is Wild Magic.
Nothing appears to happen.
You feel sick.
Evoke which item? (* to show all) (? for menu, Esc to quit)
You draw a card...
It is the Helix.
The deck of cards glows with a rainbow of weird colours and disappears.
Your skin functions as natural camouflage.
Evoke which item? (* to show all) (? for menu, Esc to quit)
You don't have any such object.
Evoke which item? (* to show all) (? for menu, Esc to quit)
Zapping:
V - a wand of heal wounds (5/9)
Press: ? - help, Shift-Dir - straight line, f - you
Okay, then.
You feel sick.
You feel sick.
There is an open door, spattered with blood here.
You feel sick.
There is a stone staircase leading up here.
You start resting.
You feel sick. x8
You are no longer poisoned.
You start resting.
HP restored.
Done exploring.
Done exploring.
Done exploring.
No target in view!
Things that are here:
a dagger; a robe You see here a runed crystal plate armour.
G - a runed crystal plate armour You feel less empathic.
Are you sure you want to abandon this character and quit the game? (Confirm with "yes".)

....# ##[..##....##......##.:.#
....# ##).##....##........##).#
....# #..##....##....##....####
....# #.).##........##....##..#
....# #....##......##....##..^#
....# #.....##....##....##....#
....###......######..).##.....#
....##......##..|.##.....(....#
...))%.....##.0:@..##.........#
....#.....##0.0.....##.....##.#
....##...##000..)....##(..##..#
######..##000.......).#####...#
#.##.0000................#
##########################


There were no monsters in sight!

Action                   |  1- 3 |  4- 6 |  7- 9 | 10-12 || total
-------------------------+-------+-------+-------+-------++-------
Melee: Unarmed           |    58 |    69 |   329 |   400 ||   856
Invok: Slouch            |       |       |       |     2 ||     2
 Abil: Evoke Teleportati |       |       |       |     3 ||     3
Evoke: Wand              |       |       |       |     2 ||     2
       Deck              |       |       |       |    11 ||    11
  Use: Scroll            |       |       |    12 |     9 ||    21
 Stab: Sleeping          |       |       |       |     3 ||     3
       Distracted        |       |       |       |     2 ||     2
  Eat: Chunk             |    10 |     6 |    34 |    27 ||    77

Notes
Turn   | Place    | Note
--------------------------------------------------------------
     0 | D:1      | Duffy the Troll Fighter began the quest for the Orb.
     0 | D:1      | Reached XP level 1. HP: 22/22 MP: 0/0
   162 | D:1      | Reached XP level 2. HP: 29/29 MP: 1/1
   212 | D:2      | Reached skill level 3 in Unarmed Combat
   234 | D:2      | Reached XP level 3. HP: 36/36 MP: 2/2
   291 | D:2      | Found a blossoming altar of Fedhas.
   386 | D:3      | Noticed Terence
   391 | D:3      | Killed Terence
   391 | D:3      | Reached skill level 4 in Unarmed Combat
   456 | D:3      | Reached XP level 4. HP: 44/44 MP: 3/3
   608 | D:3      | Found a glowing silver altar of Zin.
   646 | D:3      | Found a glowing golden altar of the Shining One.
   650 | D:3      | Noticed an angel
   656 | D:3      | Found a basalt altar of Yredelemnul.
   661 | D:3      | Noticed a profane servitor
   717 | D:3      | Found an iron altar of Okawaru.
   726 | D:3      | Reached skill level 5 in Unarmed Combat
   834 | D:5      | Entered Level 5 of the Dungeon
   840 | D:5      | Reached XP level 5. HP: 50/50 MP: 4/4
   872 | D:5      | Reached skill level 6 in Unarmed Combat
   895 | D:5      | Noticed Grinder
   901 | D:5      | Paralysed by Grinder for 3 turns
   907 | D:5      | Killed Grinder
   907 | D:5      | Reached skill level 7 in Unarmed Combat
   907 | D:5      | Reached XP level 6. HP: 12/59 MP: 5/5
  1091 | D:5      | Noticed a water moccasin
  1097 | D:5      | Killed a water moccasin
  1097 | D:5      | Reached XP level 7. HP: 60/66 MP: 6/6
  1196 | D:5      | Reached skill level 8 in Unarmed Combat
  1483 | D:4      | Reached skill level 9 in Unarmed Combat
  1553 | D:4      | Noticed PinkishYellow's ghost (amateur DrMo)
  1797 | D:4      | Found a sacrificial altar of Ru.
  1855 | D:4      | Killed PinkishYellow's ghost
  1855 | D:4      | Reached skill level 10 in Unarmed Combat
  1855 | D:4      | Reached XP level 8. HP: 34/74 MP: 7/7
  2066 | D:4      | Noticed Ijyb
  2073 | D:4      | Killed Ijyb
  2440 | D:5      | Found a staircase to the Ecumenical Temple.
  2452 | Temple   | Entered the Ecumenical Temple
  2744 | Temple   | Became a worshipper of Cheibriados the Contemplative
  3213 | D:1      | Reached * piety under Cheibriados
  3471 | D:2      | Reached skill level 11 in Unarmed Combat
  3810 | D:3      | Reached ** piety under Cheibriados
  4312 | D:5      | Found a burning altar of Makhleb.
  4312 | D:5      | Noticed a balrug
  4316 | D:5      | Noticed a smoke demon
  4943 | D:6      | Reached XP level 9. HP: 80/80 MP: 8/8
  4944 | D:6      | Found Itounire's Assorted Antiques.
  4975 | D:6      | Bought a scroll labeled PAMEMO ACZUMNU for 16 gold pieces
  4975 | D:6      | Bought a scroll labeled PAMEMO ACZUMNU for 16 gold pieces
  4975 | D:6      | Bought a scroll labeled PUSOTI PIDU for 16 gold pieces
  5010 | D:6      | Found Fuavosocont's General Store.
  5024 | D:6      | Bought a scroll of blinking for 82 gold pieces
  5024 | D:6      | Bought a scroll of identify for 22 gold pieces
  5024 | D:6      | Bought a scroll of identify for 22 gold pieces
  5041 | D:6      | Found Geneepta's Book Shop.
  5091 | D:6      | Found Gecountost's Antique Weapon Shop.
  5137 | D:6      | Reached skill level 12 in Unarmed Combat
  5188 | D:6      | Reached skill level 1 in Evocations
  5289 | D:6      | Reached *** piety under Cheibriados
  5330 | D:7      | Noticed Pikel
  5342 | D:6      | Killed Pikel
  5342 | D:6      | Reached skill level 3 in Evocations
  5496 | D:7      | Reached skill level 4 in Evocations
  5632 | D:7      | Noticed Joseph
  5646 | D:7      | Killed Joseph
  5646 | D:7      | Reached skill level 3 in Fighting
  5646 | D:7      | Reached skill level 3 in Dodging
  5665 | D:7      | Reached skill level 4 in Fighting
  5665 | D:7      | Reached skill level 4 in Dodging
  5755 | D:7      | Reached XP level 10. HP: 75/92 MP: 12/12
  6356 | D:8      | Found a staircase to the Lair.
  6405 | D:8      | Reached **** piety under Cheibriados
  6709 | D:8      | Found a shimmering altar of Xom.
  6714 | D:8      | Found an opulent altar of Gozag.
  7007 | D:9      | Reached skill level 5 in Fighting
  7465 | D:9      | Reached skill level 5 in Dodging
  7584 | D:10     | Entered Level 10 of the Dungeon
  7596 | D:10     | Reached ***** piety under Cheibriados
  7705 | D:10     | Noticed a hill giant
  7719 | D:10     | Killed a hill giant
  7875 | D:10     | You fall through a shaft!
  7877 | D:11     | Noticed a hill giant
  7884 | D:11     | Killed a hill giant
  7884 | D:11     | Reached skill level 6 in Fighting
  7884 | D:11     | Reached skill level 6 in Dodging
  8002 | D:11     | Noticed a wizard
  8016 | D:11     | Killed a wizard
  8048 | D:11     | Noticed a wizard
  8062 | D:11     | Killed a wizard
  8062 | D:11     | Reached XP level 11. HP: 101/107 MP: 11/13
  8103 | D:11     | Reached skill level 7 in Fighting
  8103 | D:11     | Reached skill level 7 in Dodging
  8139 | D:10     | Found a shadowy altar of Dithmenos.
  8158 | D:10     | Reached skill level 1 in Invocations
  8294 | D:10     | Reached skill level 2 in Invocations
  8532 | D:10     | Reached skill level 3 in Invocations
  8771 | D:10     | Reached ****** piety under Cheibriados
  8855 | D:11     | Reached skill level 4 in Invocations
  8946 | D:11     | Reached skill level 5 in Invocations
  9074 | D:12     | Noticed an unseen horror
  9090 | D:12     | Killed an unseen horror
  9166 | D:12     | Reached skill level 6 in Invocations
  9227 | D:12     | Found a labyrinth entrance.
  9236 | Lab      | Entered a labyrinth
  9326 | Lab      | Reached skill level 7 in Invocations
  9368 | Lab      | Noticed a minotaur
  9376 | Lab      | Killed a minotaur
  9570 | D:11     | Reached skill level 8 in Invocations
  9655 | D:11     | Noticed an unseen horror
  9658 | D:11     | Killed an unseen horror
  9692 | D:11     | Noticed a wizard
  9699 | D:11     | Killed a wizard
  9699 | D:11     | Reached XP level 12. HP: 89/118 MP: 17/17
  9907 | D:11     | Reached skill level 8 in Fighting
  9907 | D:11     | Reached skill level 8 in Dodging
  9926 | D:11     | Identified Vanaz's Guide on Shifting Clay (You found it on level 11 of the Dungeon)
 10049 | D:11     | Gained mutation: Your skin changes colour to match your surroundings (Stealth). [helix card]
 10163 | D:11     | Quit the game

Vault maps used:
D:1:      mrwooster_arrival_arrow, st_stairs_5, corexii_leaking_fountain
D:2:      fedhas_altar_fruit_tree
D:3:      grunt_temple_overflow_holy_war, okawaru_trees_2,
          overflow_temple_1_default, first_bread, uniq_terence
D:4:      kennysheep_goblin_castle, nicolae_ru_path_of_blood, bh_chokoban,
          minmay_misc_feat_more_columns, hangedman_decor_diamond_cutter,
          hangedman_decor_lopped, kennysheep_generic_room_7
D:5:      makhleb_altar_promises_db, minmay_temple_entry_purple_smoke,
          minmay_misc_feat_four_crosses, kennysheep_generic_room_6, uniq_grinder
D:6:      serial_shops, nicolae_shop_temple_entry_statues_fountains, shop,
          nicolae_shop_waterfront, shop
D:7:      grunt_livestock, uniq_joseph, uniq_pikel
D:8:      minitemple, dpeg_oklobed_lair
D:9:      serial_corexii_hall, corexii_hall_statues_t, corexii_hall_statues_l
D:10:     minmay_opposing_rooms, basic_altar
D:11:     minmay_smoke_and_mirrors
D:12:     kennysheep_green_arena, hiddenorc1_lemuel, lab_entry_generic
Temple:   oiseaux_autumnal_temple_12
Lab:      labyrinth_watery, nicolae_lab_starburst, nicolae_lab_do_over,
          lab_hedge

Vanquished Creatures
  A minotaur
  6 wizards
  2 unseen horrors
  2 hill giants Pikel
  A deep elf mage
  A cyclops Joseph
  3 gargoyles
  A merfolk
  The ghost of PinkishYellow the Ruffian, an amateur DrMo of the Shining One
  2 trolls
  A trapdoor spider zombie Grinder
  3 wyverns
  4 shadows
  2 yaks
  A human
  A hippogriff
  A steam dragon
  2 hungry ghosts
  2 water moccasins
  4 orc warriors
  2 ice beasts
  5 ogres
  A phantom
  2 necrophages
  A tengu
  4 sky beasts
  2 boggarts
  4 centaurs
  A big kobold
  9 giant frogs
  A wyvern zombie
  5 scorpions
  A water moccasin skeleton
  8 killer bees
  8 wights
  2 centaur zombies
  6 crimson imps
  6 quasits
  2 giant frog skeletons
  A jelly
  8 hounds
  3 giant frog zombies
  4 orc priests
  12 orc wizards
  4 centaur skeletons Terence Ijyb
  4 iguanas
  12 worker ants
  2 sheep
  A hound skeleton
  2 worker ant zombies
  16 adders
  3 shadow imps
  4 oozes
  2 worms
  7 giant geckos
  56 orcs
  11 bats
  8 giant cockroaches
  15 goblins
  7 hobgoblins
  11 jackals
  7 quokkas
  A giant gecko zombie
  8 giant newts
  5 kobolds
  2 quokka skeletons
  6 rats
  A fungus
339 creatures vanquished.
